 Dungeon Crawl Stone Soup version 0.29-a0-409-gd843f3a48c (webtiles) character file.

Game seed: 14866959181318774551

20 Snarg the Insei (level 2, 17/18 HPs)
             Began as an Octopode Transmuter on May 13, 2022.
             Was a Follower of Trog.
             Quit the game on level 1 of the Dungeon.
             The game lasted 00:03:54 (951 turns).

Snarg the Insei (Octopode Transmuter)                Turns: 951, Time: 00:03:55

Health: 17/18      AC:  1    Str:  9    XL:     2   Next: 79%
Magic:  5/5        EV: 13    Int: 15    God:    Trog [*.....]
Gold:   15         SH:  0    Dex: 12    Spells: 4/5 levels left

rFire   . . .      SeeInvis .     - Unarmed
rCold   . . .      Faith    .   (no shield)
rNeg    . . .      Spirit   .   (helmet restricted)
rPois   .          Reflect  .   (no amulet)
rElec   .          Harm     .   (no ring)
rCorr   .          Rampage  .   (no ring)
Will    .....                   (no ring)
Stlth   ++........              (no ring)
HPRegen 0.06/turn               (no ring)
MPRegen 0.09/turn               (no ring)
                                (no ring)
                                (no ring)

@: no status effects
A: almost no armour, amphibious, 8 rings, camouflage 1, gelatinous body 1,
(nimble swimmer 1), tentacles
a: Renounce Religion, Berserk


You were on level 1 of the Dungeon.
You worshipped Trog.
Trog was aware of your devotion.
You visited 1 branch of the dungeon, and saw 1 of its levels.

You collected 15 gold pieces.

Inventory:

Hand Weapons
 e - a +0 spear
Missiles
 b - 6 boomerangs (quivered)
 h - 5 poisoned darts
Scrolls
 g - a scroll of brand weapon {unknown}
Potions
 a - a potion of lignification
 c - 2 potions of brilliance {unknown}
 d - a potion of cancellation {unknown}
 f - a potion of resistance {unknown}


   Skills:
 + Level 1.0 Fighting
 + Level 0.1 Throwing
 + Level 2.1 Dodging
 + Level 3.7 Unarmed Combat
 - Level 2.0 Spellcasting
 - Level 2.1 Transmutations


You had 4 spell levels left.
You knew the following spells:

 Your Spells              Type           Power      Damage    Failure   Level
a - Beastly Appendage     Tmut           16%        N/A       9%          1

Your spell library contained the following spells:

 Spells                   Type           Power      Damage    Failure   Level
 Wereblood                Tmut           8%         N/A       14%         2
 Spider Form              Tmut/Pois      4%         N/A       38%         3
 Stone Arrow              Conj/Erth      2%         3d7       54%         3
 Ice Form                 Ice/Tmut       4%         N/A       80%         4
 Lehudib's Crystal Spear  Conj/Erth      0%         10d2      100%        8
 Animate Armour           Summ/Erth      Unusable   N/A       N/A         4

Dungeon Overview and Level Annotations

Branches:
Dungeon (1/15)

Altars:
Trog


Innate Abilities, Weirdness & Mutations

You cannot wear most types of armour.
You are amphibious.
You can wear up to eight rings at the same time.
Your skin changes colour to match your surroundings (Stealth+).
Your rubbery body absorbs attacks. (AC +1, EV +1)
((You are camouflaged when in or above water. (Stealth+)))
You have tentacles for arms and can constrict up to eight enemies at once.


Message History

Your magical contamination has completely faded away.
You now have 15 gold pieces.
h - 5 poisoned darts (gained 3)
A goblin comes into view. It is wielding a +0 dagger.
The goblin shouts!
You throw a boomerang.
The boomerang hits the goblin but does no damage.
You throw a boomerang.
The boomerang hits the goblin but does no damage.
You throw a boomerang. The boomerang misses the goblin.
The goblin barely misses you.
You tentacle-slap the goblin. You grab the goblin.
The goblin is moderately wounded.
You constrict the goblin. You tentacle-slap the goblin.
You kill the goblin!
No target in view!
You see here a +0 dagger.
Found a faded altar of an unknown god.
A ball python comes into view.
The ball python hisses angrily.
You throw a boomerang.
The boomerang hits the ball python but does no damage.
The ball python bites you but does no damage.
The ball python grabs you. The ball python constricts you.
You tentacle-slap the ball python.
You kill the ball python!
No target in view!
There is a faded altar of an unknown god here.
You cannot tell which god this altar belongs to.
Convert to them anyway?
Trog accepts your prayer! Trog welcomes you!
You can now go berserk at will.
Unknown command.
Press < or > to pray at altars.
Unknown command.
Press < or > to pray at altars.
Unknown command.
Press < or > to pray at altars.
Are you sure you want to abandon this character and quit the game? (Confirm with "yes".)

#.# # . ###.########
#. ####.#.#......#
##..
..........###.####
....# ###.......#.....
#...# ##...#..#.......
#...###...##...##.....
#...8...###.#.##.####
##..@..## #......#
##...#######.####
#...#..# #)# #...##.#
#.# ### #...##.# #.#
##.. ....##.# #.# #...
#######.####.# #..#
#......####..#
#####.........


There were no monsters in sight!

Vanquished Creatures
  An endoplasm (D:1)
  4 hobgoblins (D:1)
  A quokka (D:1)
  5 ball pythons (D:1)
  A bat (D:1)
  3 goblins (D:1)
  3 kobolds (D:1)
  A rat (D:1)
19 creatures vanquished.

Notes
Turn   | Place    | Note
-------+----------+-------------------------------------------
     0 | D:1      | Snarg the Octopode Transmuter began the quest for the Orb.
     0 | D:1      | Reached XP level 1. HP: 13/13 MP: 3/3
   394 | D:1      | Reached XP level 2. HP: 18/18 MP: 3/5
   940 | D:1      | Found a faded altar of an unknown god.
   950 | D:1      | Prayed at the altar of an unknown god.
   950 | D:1      | Became a worshipper of Trog the Wrathful
   950 | D:1      | Reached * piety under Trog
   951 | D:1      | Quit the game

Illustrated notes

Levels and vault maps discovered:
D:1:      lightli_molten_gateway, layout_loops_cross,
          hellmonk_ecumenical_altar_crossroads

Action                   || total
-------------------------++-------
Melee: Unarmed           ||    27
       Tentacles         ||     8
       Constrict         ||     7
       Kick              ||     1
       Punch             ||     1
Throw: Boomerang         ||    19
 Cast: Beastly Appendage ||     9
 Stab: Sleeping          ||     1
Armor: Skin              ||     3
Dodge: Dodged            ||    10

Table legend: (Time is in decaauts)
 A = Elapsed time spent in this place.
 B = Non-inter-level travel time spent in this place.
 C = Inter-level travel time spent in this place.
 D = Time resting spent in this place.
 E = Time spent auto-exploring this place.
 F = Levels seen in this place.
 G = Mean time per level.
                   A        B        C        D        E       F      G
               +--------+--------+--------+--------+--------+-----+--------+
         Total |    955 |    932 |     23 |    112 |    613 |   1 |  955.0 |
       Dungeon |    955 |    932 |     23 |    112 |    613 |   1 |  955.0 |
               +--------+--------+--------+--------+--------+-----+--------+

Top non-repeatable levels by time:
     D:1: 955 daAuts
